Map: Acropolis LE

Players

Mez

  • Race: Terran Terran
  • League: Master
  • Spawn Location: 5:00

Nomad - Winner!

  • Race: Zerg Zerg
  • League: Master
  • Spawn Location: 11:00

VOD

Have the link to the VOD?

Description

Time

  • Played on: July 31, 2019, 1:04 p.m.
  • Length: 11:42
Show
View Real Time Build Order
Export as new Build Order

Mez Terran 

Build Orders: Liberator Opening, Reaper Expand 

Get SALT Encoding   

  12  0:00  SCV  
  13  0:13  SCV  
  14  0:17  Supply Depot  
  14  0:25  SCV  
  15  0:39  SCV, Barracks  
  16  0:43  Refinery  
  16  0:51  SCV  
  17  1:03  SCV  
  18  1:15  SCV  
  19  1:27  Orbital Command  
  19  1:28  Reaper  
  20  1:39  Command Center  
  20  1:48  Supply Depot  
  20  1:53  SCV  
  21  2:00  Marine  
  22  2:12  SCV  
  22  2:15  Factory  
  23  2:19  Refinery  
  23  2:23  Barracks Reactor  
  23  2:25  SCV  
  24  2:37  SCV  
  25  2:49  SCV  
  26  2:52  Orbital Command  
  25  3:07  SCV  
  25  3:10  Hellion x2  
  25  3:12  Starport  
  29  3:20  SCV x2  
  29  3:21  Barracks Tech Lab  
  30  3:32  SCV, Liberator  
  30  3:33  Hellion x2, SCV  
  36  3:42  Supply Depot  
  36  3:43  Marine  
  36  3:46  SCV x2  
  42  3:58  Hellion x2  
  46  4:04  SCV x2  
  46  4:07  Supply Depot  
  48  4:16  SCV  
  49  4:26  SCV  
  49  4:28  SCV  
  49  4:29  Command Center  
  51  4:34  Factory Tech Lab  
  51  4:41  SCV x2  
  53  4:48  Starport Reactor  
  53  4:53  SCV x2  
  53  4:54  Engineering Bay  
  53  4:55  Barracks  
  53  4:56  Barracks  
  53  4:57  Engineering Bay  
  55  5:04  Stimpack  
  55  5:05  SCV  
  55  5:06  SCV, Marine  
  58  5:18  SCV  
  46  5:29  Marine  
  46  5:30  SCV x2  
  46  5:33  Barracks  
  46  5:34  Terran Infantry Armor Level 1, Terran Infantry Weapons Level 1  
  46  5:35  Barracks  
  49  5:37  Refinery  
  49  5:39  Refinery  
  49  5:42  Starport Reactor  
  49  5:46  SCV x2, Marine  
  49  5:47  Marine  
  50  5:52  Marine  
  50  5:54  Orbital Command  
  50  5:59  Marine x2  
  50  6:01  Siege Tank  
  55  6:04  Marine x2  
  55  6:10  Marine  
  58  6:17  Marine x2  
  60  6:19  SCV x2  
  60  6:22  Barracks Reactor x2, Marine x2  
  64  6:28  Marine  
  64  6:31  SCV x2  
  64  6:32  Medivac x2  
  71  6:43  SCV x2  
  73  6:50  Marine x4  
  73  6:52  Orbital Command  
  77  6:56  Supply Depot  
  77  6:57  Supply Depot  
  77  6:58  Supply Depot  
  77  6:59  Supply Depot  
  77  7:00  Armory  
  77  7:09  Supply Depot  
  77  7:10  Combat Shield, Supply Depot  
  77  7:11  Supply Depot  
  77  7:17  Marine  
  77  7:18  Siege Tank  
  77  7:20  SCV x3  
  84  7:24  Marine  
  84  7:25  Marine x7  
  84  7:26  Medivac  
  94  7:30  Medivac  
  94  7:32  SCV x3  
  99  7:38  Marine, Supply Depot  
  99  7:42  Marine  
  101  7:44  SCV x3  
  93  8:01  Marine  
  93  8:02  Marine x8  
  93  8:03  SCV x3  
  93  8:13  Terran Infantry Armor Level 2, Terran Infantry Weapons Level 2  
  93  8:15  SCV  
  93  8:17  SCV x2  
  93  8:19  Marine x2  
  97  8:20  Factory  
  97  8:23  Supply Depot  
  97  8:25  Supply Depot  
  97  8:26  Supply Depot  
  98  8:27  SCV, Marine x2  
  98  8:29  SCV x2  
  102  8:46  Marine x9, Medivac x2  
  115  8:49  SCV x3  
  115  8:54  Supply Depot  
  118  8:58  Siege Tank  
  121  9:04  SCV x2, Marine x3  
  121  9:06  Factory Tech Lab  
  121  9:08  Marine x3  
  129  9:10  Terran Vehicle Weapons Level 1  
  129  9:19  SCV x3  
  129  9:23  Command Center  
  130  9:31  SCV  
  130  9:32  SCV x2, Marine x9  
  130  9:34  Siege Tank x2  
  148  9:50  Marine x3  
  151  9:59  Marine x6  
  157  10:04  Barracks x2  
  157  10:05  Barracks  
  157  10:06  Siege Tank  
  152  10:18  Siege Tank, Marine x8  
  152  10:19  Marine  
  148  10:34  Supply Depot  
  148  10:36  Refinery, Marine x6  
  148  10:37  Refinery  
  148  10:39  Marine x3  
  157  10:54  Marine x3  
  154  11:15  Marine x6  
  154  11:16  Marine x3  
  100  11:26  Barracks Tech Lab  
  100  11:27  Barracks Tech Lab  
  100  11:31  Starport  
  95  11:33  Starport, Barracks Tech Lab  
Show
View Real Time Build Order
Export as new Build Order

Nomad Zerg - Winner!

Build Orders: Hatch First 

Get SALT Encoding   

  12  0:01  Drone  
  13  0:12  Overlord  
  13  0:17  Drone  
  14  0:30  Drone  
  14  0:31  Drone  
  14  0:34  Drone  
  17  0:54  Hatchery  
  17  0:56  Drone  
  17  1:09  Spawning Pool  
  16  1:12  Drone  
  16  1:16  Drone  
  18  1:19  Drone  
  19  1:28  Drone  
  20  1:44  Hatchery  
  20  1:46  Drone  
  20  1:49  Extractor  
  19  1:56  Queen  
  19  1:58  Zergling x2  
  22  2:07  Queen  
  24  2:13  Overlord  
  24  2:23  Drone  
  24  2:24  Drone x2  
  24  2:28  Drone  
  28  2:36  Queen  
  30  2:42  Spore Crawler  
  29  2:49  Drone x2  
  32  2:51  Drone  
  32  2:52  Drone  
  32  2:58  Drone x3  
  37  3:08  Drone  
  37  3:09  Metabolic Boost  
  38  3:15  Drone x4  
  41  3:26  Overlord  
  41  3:35  Overlord, Hatchery  
  41  3:38  Drone  
  41  3:39  Drone  
  42  3:45  Zergling x6  
  42  3:46  Zergling x2  
  46  3:58  Drone x2  
  46  3:59  Drone x4  
  52  4:05  Drone x2  
  54  4:12  Drone x2  
  54  4:13  Drone x2  
  57  4:34  Queen  
  57  4:37  Drone  
  57  4:38  Overlord  
  58  4:41  Overlord  
  57  4:47  Overlord  
  57  4:50  Overlord  
  57  4:53  Hatchery  
  57  4:56  Queen  
  57  4:57  Zergling x12  
  64  5:04  Zergling x14  
  64  5:05  Pneumatized Carapace  
  71  5:08  Evolution Chamber  
  71  5:09  Drone  
  71  5:11  Evolution Chamber, Extractor  
  71  5:12  Extractor  
  71  5:13  Zergling x6  
  63  5:23  Drone  
  63  5:24  Drone x2  
  60  5:29  Drone x2  
  61  5:38  Drone x2  
  62  5:49  Drone, Spore Crawler  
  62  5:50  Drone x2  
  62  5:53  Spore Crawler  
  62  5:55  Lair  
  63  5:57  Baneling Nest  
  63  5:58  Zerg Melee Weapons Level 1  
  63  6:02  Overlord, Drone x5  
  63  6:03  Drone  
  64  6:16  Drone  
  64  6:17  Drone x11  
  74  6:28  Zerg Ground Armor Level 1  
  74  6:32  Drone x3, Extractor  
  77  6:38  Spine Crawler  
  77  6:39  Drone, Spore Crawler  
  77  6:40  Drone x7  
  82  6:51  Burrow  
  82  6:55  Drone  
  82  6:56  Drone x2, Extractor x2  
  82  6:57  Drone x3  
  82  6:58  Centrifical Hooks  
  86  7:02  Baneling x2  
  86  7:03  Overlord  
  86  7:05  Drone x2  
  86  7:06  Drone x3  
  91  7:23  Overlord  
  91  7:24  Overlord  
  91  7:25  Overlord  
  91  7:26  Overlord  
  91  7:28  Zergling x4  
  91  7:29  Zergling x16  
  101  7:33  Spore Crawler  
  101  7:36  Overlord  
  100  7:43  Infestation Pit  
  90  8:09  Spine Crawler x2  
  90  8:11  Drone x3  
  90  8:12  Spore Crawler  
  90  8:15  Extractor  
  90  8:16  Zerg Melee Weapons Level 2, Extractor  
  88  8:21  Spire, Hive  
  88  8:24  Zergling x20  
  88  8:25  Zergling x20  
  107  8:29  Zergling x14  
  113  8:45  Drone x3  
  113  8:46  Drone x3  
  119  8:50  Spine Crawler  
  119  8:52  Infestor  
  119  8:53  Infestor x2  
  119  8:55  Zerg Ground Armor Level 2  
  124  9:01  Overlord x3  
  124  9:04  Baneling  
  124  9:05  Baneling x10  
  121  9:38  Ultralisk Cavern, Zerg Flyer Weapons Level 1  
  120  9:49  Corruptor  
  120  9:50  Corruptor x4  
  120  9:52  Overlord x2  
  130  9:53  Adrenal Glands  
  128  10:12  Zergling x48  
  128  10:13  Zergling x14  
  154  10:31  Spore Crawler  
  154  10:32  Spore Crawler  
  152  10:39  Zergling x2  
  152  10:40  Zergling x24  
  165  10:46  Spore Crawler, Spine Crawler  
  163  10:51  Zergling x10  
  168  11:01  Ultralisk  
Tags
 
Add a new tag
Caveats
  • Supply blocks, unpowered buildings, or Contaminate may cause inaccurate times.
  • Supply counts are checked every 10 seconds.